 Dungeon Crawl Stone Soup version 0.21-a0-125-gb006224 (webtiles) character file.

458 Leszczynek the Ruffian (level 7, 10/62 HPs)
             Began as an Ogre Transmuter on July 14, 2017.
             Was a Follower of Cheibriados.
             Quit the game on level 6 of the Dungeon.
             The game lasted 00:15:42 (2517 turns).

Leszczynek the Ruffian (Ogre Transmuter)            Turns: 2517, Time: 00:15:43

Health: 10/62      AC:  3    Str: 21    XL:     7   Next: 6%
Magic:  10/10      EV: 10    Int: 17    God:    Cheibriados [*.....]
Gold:   217        SH:  0    Dex: 14    Spells: 4/10 levels left

rFire    . . .     SeeInvis .     - Unarmed
rCold    . . .     Gourm    .   (no shield)
rNeg     . . .     Faith    .   b - +0 robe
rPois    .         Spirit   .   (helmet restricted)
rElec    .         Reflect  .   (no cloak)
rCorr    .         Harm     .   (gloves unavailable)
MR       .....                  (boots unavailable)
Stlth    +.........             (no amulet)
HPRegen  0.20/turn              s - +3 ring of strength
MPRegen  0.12/turn              (no ring)

@: very slow
A: unfitting armour, tough skin 1
a: Bend Time, Renounce Religion


You were on level 6 of the Dungeon.
You worshipped Cheibriados.
Cheibriados was aware of your devotion.
You were not hungry.

You visited 1 branch of the dungeon, and saw 6 of its levels.

You collected 217 gold pieces.

Inventory:

Hand Weapons
 f - a +0 blowgun
 v - the +0 dagger "Vooperch" {pain, rF+ Str+4 Stlth+}
   (You found it on level 5 of the Dungeon)

   In the hands of one skilled in necromantic magic, it inflicts extra damage on
   living creatures.
   It affects your strength (+4).
   It protects you from fire.
   It makes you more stealthy.
Missiles
 a - 32 arrows
 o - 8 curare-tipped needles
Armour
 b - a +0 robe (worn)
Jewellery
 s - a +3 ring of strength (left hand)
Scrolls
 e - a scroll of fear {unknown}
 g - 3 scrolls of remove curse {@r2}
 h - 2 scrolls of blinking {unknown}
 i - 4 scrolls of identify {@r1}
 k - 2 scrolls of teleportation
 l - a scroll of enchant armour {unknown}
 n - a scroll of amnesia {unknown}
 t - a scroll of noise {unknown}
Potions
 j - a potion of might
 p - a potion of heal wounds {unknown}
 q - 4 potions of curing {@q1}
 r - a potion of lignification {unknown}
 u - a potion of degeneration {unknown}
 x - a potion of brilliance {unknown}
Books
 c - a book of Changes

   Spells                             Type                      Level
   a - Beastly Appendage              Transmutation                1
   b - Sticks to Snakes               Transmutation                2
   c - Spider Form                    Transmutation/Poison         3
   d - Ice Form                       Ice/Transmutation            4
   e - Blade Hands                    Transmutation                5
Comestibles
 d - 5 bread rations
 m - a royal jelly
 w - 3 chunks of flesh


   Skills:
 - Level 1.3 Fighting
 - Level 1.7 Dodging
 + Level 5.4 Unarmed Combat
 - Level 2.4 Spellcasting
 - Level 3.7 Transmutations
 - Level 2.6 Poison Magic


You had 4 spell levels left.
You knew the following spells:

 Your Spells              Type           Power        Failure   Level  Hunger
a - Beastly Appendage     Tmut           ##....       4%          1    #......
b - Sticks to Snakes      Tmut           ##......     6%          2    ##.....
c - Spider Form           Tmut/Pois      ##........   16%         3    ###....


Dungeon Overview and Level Annotations

Branches:
Dungeon (6/15)             Temple (0/1) D:5

Altars:
Cheibriados
Gozag
Vehumet
Xom

Annotations:
D:3 Sigmund


Innate Abilities, Weirdness & Mutations

You are too large for most types of armour.
You have tough skin. (AC +1)


Message History

The centaur wields a shortbow.
The centaur shoots an arrow.
The arrow hits you!
The gnoll moves out of view.
You see here an arrow.
The gnoll shouts!
The centaur shoots an arrow.
The arrow closely misses you.
The centaur shoots an arrow.
The arrow barely misses you.
The gnoll shouts!
You hear a shout!
The centaur unwields an uncursed shortbow.
The centaur hits you! The gnoll closely misses you. The centaur hits you.
A gnoll comes into view. It is wielding a spear.
You punch the centaur!
The centaur is moderately wounded.
The gnoll hits you from afar with a halberd!!
* * * LOW HITPOINT WARNING * * *
The centaur closely misses you. The gnoll closely misses you.
Enter note: oh Are you sure you want to abandon this character and quit the game? (Confirm with "yes".)
Okay, then.
Okay, then.
Are you sure you want to abandon this character and quit the game? (Confirm with "yes".)

#### ############# #...
#...........#
#...######...........#
#....................#
###......)...........#
#####..................#
#...#.>......ggc@.(.#
#...#.........g####.#
#...#..........# #.#
#...#..........# ##'#######
....'..........###.........
#...#..........#...........
....+..........#.#.........
#...#..........#.#.........
#####..........############


You could see a centaur and 3 gnolls.

Vanquished Creatures
  2 bullfrogs (D:6)
  A crimson imp (D:6)
  A jelly (D:6)
  A hound (D:6)
  Jessica (D:3)
  4 worker ants
  2 adders
  3 gnolls (D:4)
  A shadow imp (D:6)
  2 adder skeletons
  A worm (D:6)
  2 dart slugs
  3 leopard geckos
  9 orcs
  A ball python (D:3)
  A giant cockroach (D:4)
  2 hobgoblins (D:1)
  4 jackals (D:4)
  2 quokkas (D:6)
  A bat (D:1)
  3 frilled lizards
  A goblin (D:1)
  6 kobolds
  5 rats
59 creatures vanquished.

Vanquished Creatures (collateral kills)
  A worm (D:2)
  2 orcs
  A giant cockroach (D:2)
  A goblin (D:2)
  A frilled lizard (D:2)
  A kobold (D:2)
7 creatures vanquished.

Grand Total: 66 creatures vanquished

Notes
Turn   | Place    | Note
-------+----------+-------------------------------------------
     0 | D:1      | Leszczynek the Ogre Transmuter began the quest for the Orb.
     0 | D:1      | Reached XP level 1. HP: 19/19 MP: 3/3
    33 | D:1      | Reached skill level 2 in Transmutations
    48 | D:2      | Found a snail-covered altar of Cheibriados.
    48 | D:2      | Found an opulent altar of Gozag.
   285 | D:2      | Reached XP level 2. HP: 25/27 MP: 3/5
   292 | D:2      | Learned a level 2 spell: Sticks to Snakes
   303 | D:2      | Found a shimmering altar of Xom.
   518 | D:3      | Noticed Jessica
   522 | D:3      | Killed Jessica
   522 | D:3      | Reached skill level 3 in Transmutations
   522 | D:3      | Reached XP level 3. HP: 13/33 MP: 2/6
   743 | D:2      | Learned a level 3 spell: Spider Form
   749 | D:2      | Reached XP level 4. HP: 35/41 MP: 5/7
   872 | D:2      | Became a worshipper of Cheibriados the Contemplative
  1092 | D:3      | Reached skill level 1 in Poison Magic
  1187 | D:4      | Reached skill level 2 in Poison Magic
  1226 | D:4      | Reached XP level 5. HP: 21/48 MP: 6/8
  1293 | D:4      | HP: 5/48 [orc/trident (7)]
  1295 | D:4      | 19 ev, no problem for a normal orc
  1295 | D:4      | he'll hit EVERY time!
  1461 | D:5      | Entered Level 5 of the Dungeon
  1576 | D:3      | Noticed Sigmund
  1620 | D:4      | Reached skill level 3 in Unarmed Combat
  1634 | D:4      | Reached * piety under Cheibriados
  1749 | D:5      | Got an ichor-stained dagger
  1760 | D:5      | Identified the cursed +0 dagger "Vooperch" {pain, rF+ Str+4 Stlth+} (You found it on level 5 of the Dungeon)
  1822 | D:6      | Reached skill level 4 in Unarmed Combat
  1822 | D:6      | Reached XP level 6. HP: 37/55 MP: 5/9
  2105 | D:6      | Reached skill level 5 in Unarmed Combat
  2145 | D:6      | "16%"
  2247 | D:5      | """16%"""
  2247 | D:5      | failing 4 out of 5 last attempts
  2255 | D:5      | isn't it nice i have mp only for 3
  2270 | D:5      | Found a staircase to the Ecumenical Temple.
  2339 | D:6      | Found a radiant altar of Vehumet.
  2377 | D:6      | Reached XP level 7. HP: 40/62 MP: 4/10
  2516 | D:6      | HP: 10/62 [gnoll/halberd (18)]
  2517 | D:6      | oh
  2517 | D:6      | Quit the game

Vault maps used:
D:1:      kennysheep_arrival_forest, minmay_misc_feat_room
D:2:      grunt_temple_overflow_open, xom_butterflies,
          minmay_misc_feat_enclosed, xom_teletrap_fun
D:3:      lemuel_blue_sif_altar, first_bread, uniq_jessica, uniq_natasha,
          uniq_sigmund
D:5:      minmay_temple_entry_poolview
D:6:      kennysheep_mini_moat, kennysheep_flooded_box, uniq_blork_the_orc

Skill      XL: |  1  2  3  4  5  6 |
---------------+-------------------+-----
Transmutations | 2 3 |  3.7
Poison Magic   | 2 |  2.6
Unarmed Combat | 4 5 |  5.4
Fighting       | |  1.3
Dodging        | |  1.7
Spellcasting   | |  2.4

Action                   |  1- 3 |  4- 6 |  7- 9 || total
-------------------------+-------+-------+-------++-------
Melee: Unarmed           |    56 |   135 |     4 ||   195
       Kick              |     4 |     4 |       ||     8
       Headbutt          |     6 |     2 |       ||     8
       Punch             |     1 |     1 |       ||     2
 Fire: Blowgun           |       |     3 |       ||     3
 Cast: Beastly Appendage |    15 |     7 |       ||    22
       Sticks to Snakes  |     5 |     9 |       ||    14
       Spider Form       |       |    14 |       ||    14
 Abil: End Transformatio |       |     1 |       ||     1
  Use: Scroll            |       |     5 |       ||     5
 Stab: Sleeping          |       |     1 |       ||     1
       Distracted        |       |     1 |       ||     1
  Eat: Chunk             |       |     6 |     1 ||     7
       Royal jelly       |       |     1 |       ||     1
Armor: Robe              |    12 |    15 |       ||    27
       Skin              |       |     2 |       ||     2
Dodge: Dodged            |    22 |   106 |     7 ||   135
